 Dungeon Crawl Stone Soup version 0.32-a0-377-g951292165a (webtiles) character file.

Game seed: 5166301711460820164

177 emmisofia the Cudgeller (level 5, -1/47 HPs)
             Began as a Minotaur Berserker on Feb 19, 2024.
             Was a Believer of Trog.
             Splashed by a jelly's acid (10 damage)
             ... on level 3 of the Dungeon.
             The game lasted 00:05:41 (1163 turns).

emmisofia the Cudgeller (Minotaur Berserker)        Turns: 1163, Time: 00:05:42

Health: -1/47      AC: -5    Str: 23    XL:     5   Next: 30%
Magic:  4/4        EV: 12    Int:  4    God:    Trog [**....]
Gold:   87         SH:  0    Dex: 10    Spells: 4/4 levels left

rFire   . . .        a - +0 mace
rCold   . . .        (no shield)
rNeg    . . .        b - +0 animal skin
rPois   .            (helmet restricted)
rElec   .            (no cloak)
rCorr   .            (no gloves)
SInv    .            (no boots)
Will    .....        (no amulet)
Stlth   +            (no ring)
HPRegen 0.27/turn    (no ring)
MPRegen 0.09/turn

%: no passive effects
@: corroded
A: horns 2, retaliatory headbutt
a: Renounce Religion, Berserk, Trog's Hand


You were on level 3 of the Dungeon.
You worshipped Trog.
Trog was pleased with you.
You visited 1 branch of the dungeon, and saw 3 of its levels.

You collected 87 gold pieces.

Inventory:

Hand Weapons
 a - a +0 mace (weapon)
 j - a +0 spear
Missiles
 f - 2 poisoned darts (quivered)
Armour
 b - a +0 animal skin (worn)
Scrolls
 e - 2 scrolls of identify {unknown}
 h - a scroll of revelation {unknown}
 i - a scroll of vulnerability {unknown}
 k - a scroll of poison {unknown}
Potions
 c - 3 potions of curing {unknown}
 d - a potion of attraction {unknown}
 g - a potion of heal wounds {unknown}


   Skills:
 + Level 4.8 Fighting
 + Level 6.1 Maces & Flails
 + Level 2.7 Armour
 + Level 2.5 Dodging
 + Level 0.7 Stealth


You had 4 spell levels left.
You didn't know any spells.
Your spell library was empty.

Dungeon Overview and Level Annotations

Branches:
Dungeon (3/15)

Altars:


Innate Abilities, Weirdness & Mutations

You have a pair of horns on your head.
You reflexively headbutt those who attack you in melee.


Message History

Trog accepts your kill.
Things that are here:
a dart slug corpse; an iguana corpse
Found a stone staircase leading up.
A jackal comes into view.
A jelly and 2 jackals come into view.
The jelly quivers.
The jackal barks! x2
A rat comes into view.
The jackal closely misses you. The jackal attacks as it pursues you!
The jackal bites you.
The jackal bites you but does no damage.
You hit the jackal.
You kill the jackal!
Trog accepts your kill. The jackal bites you.
You barely miss the jackal. The jackal misses you. You furiously retaliate!
You headbutt the jackal!
You kill the jackal!
Trog accepts your kill. The jackal bites you. The jackal misses you.
You furiously retaliate!
You headbutt the jackal!
You kill the jackal!
Trog accepts your kill. The jelly hits you. The acid corrodes you!
You are splashed with acid!
You hit the jelly.
Your hands burn!
* * * LOW HITPOINT WARNING * * *
The jelly is lightly wounded.
The jelly closely misses you.
You hit the jelly but do no damage. The acid corrodes you!
Your hands burn!
* * * LOW HITPOINT WARNING * * *
The jelly is lightly wounded.
The jelly closely misses you. You furiously retaliate!
You headbutt the jelly, but do no damage.
You barely miss the jelly.
The jelly is lightly wounded.
The jelly hits you.
* * * LOW HITPOINT WARNING * * *
You are splashed with acid!
You die... r

.. .. #########
###.#######.......#
..................#
#....J###.......#
#.@.........#######
#.###.#####.†.....#
#..##..# #######..
#...##.## ###
...#.... #
.#..##..# # . ##.
... # # #.#. # #.##
#


You could see a jelly.

Vanquished Creatures
  A hound (D:2)
  Jessica (D:2)
  An iguana (D:3)
  2 adders (D:2)
  2 dart slugs
  2 ribbon worms (D:2)
  An orc (D:3)
  2 ball pythons
  4 bats
  4 endoplasms
  A giant cockroach (D:3)
  4 goblins
  A hobgoblin (D:3)
  3 jackals (D:3)
  2 frilled lizards
  3 kobolds
  8 rats
42 creatures vanquished.

Notes
Turn   | Place    | Note
-------+----------+-------------------------------------------
     0 | D:1      | emmisofia the Minotaur Berserker began the quest for the
                  | Orb.
     0 | D:1      | Reached XP level 1. HP: 19/19 MP: 0/0
   195 | D:1      | Reached skill level 4 in Maces & Flails
   195 | D:1      | Reached XP level 2. HP: 27/27 MP: 1/1
   817 | D:2      | Reached XP level 3. HP: 25/33 MP: 2/2
   877 | D:2      | Reached skill level 5 in Maces & Flails
   877 | D:2      | Reached XP level 4. HP: 41/41 MP: 3/3
   906 | D:2      | Noticed Jessica
   914 | D:2      | Killed Jessica
  1071 | D:3      | Reached ** piety under Trog
  1087 | D:3      | Reached XP level 5. HP: 41/47 MP: 4/4
  1140 | D:3      | Reached skill level 6 in Maces & Flails
  1163 | D:3      | Splashed by a jelly's acid

Illustrated notes

Levels and vault maps discovered:
D:1:      spicycebolla_arrival_ecumenical, layout_basic,
          chequers_serial_rivers_micro_c
D:2:      layout_rooms, st_stairs_5, minmay_tall_x, uniq_jessica
D:3:      layout_rooms

Skill      XL: |  1  2  3  4  5 |
---------------+----------------+-----
Maces & Flails | 4 5 6 |  6.1
Fighting       | 4 |  4.8
Armour         | |  2.7
Dodging        | |  2.5
Stealth        | |  0.7

Action                     |  1- 3 |  4- 6 || total
---------------------------+-------+-------++-------
  Melee: Mace              |    36 |    36 ||    72
         Headbutt          |     2 |     8 ||    10
   Stab: Sleeping          |     2 |       ||     2
 Armour: Animal skin       |    19 |    28 ||    47
  Dodge: Dodged            |    23 |    34 ||    57

Table legend: (Time is in decaauts)
 A = Elapsed time spent in this place.
 B = Non-inter-level travel time spent in this place.
 C = Inter-level travel time spent in this place.
 D = Time resting spent in this place.
 E = Time spent auto-exploring this place.
 F = Levels seen in this place.
 G = Mean time per level.
                   A        B        C        D        E       F      G
               +--------+--------+--------+--------+--------+-----+--------+
         Total |   1181 |   1181 |      0 |      0 |      8 |   3 |  393.7 |
       Dungeon |   1181 |   1181 |      0 |      0 |      8 |   3 |  393.7 |
               +--------+--------+--------+--------+--------+-----+--------+

Top non-repeatable levels by time:
     D:1: 695 daAuts
     D:2: 398 daAuts
     D:3: 88 daAuts
